 Dungeon Crawl Stone Soup version 0.28-a0-514-g0d7ab7f379 (webtiles) character file.

Game seed: 3703250945632189884

83778 Shayle the Impaler (level 15, 0/161 HPs)
             Began as an Ogre Warper on Sept 22, 2021.
             Was a High Priest of the Shining One.
             Succumbed to a merfolk impaler's poison
             ... on level 4 of the Lair of Beasts on Sept 23, 2021.
             The game lasted 02:07:25 (33431 turns).

Shayle the Impaler (Ogre Warper)                   Turns: 33431, Time: 02:07:26

Health: 0/161      AC:  9    Str: 26    XL:     15   Next: 78%
Magic:  7/30       EV: 14    Int: 25    God:    the Shining One [*****.]
Gold:   1024       SH:  5    Dex: 11    Spells: 13/37 levels left

rFire   + . .      SeeInvis +   l - +7 halberd "Igenatot" {holy, Int+4 Dex+3}
rCold   + . .      Faith    .   (shield currently unavailable)
rNeg    + + .      Spirit   .   E - +0 steam dragon scales
rPois   .          Reflect  +   m - +3 crown of Dyrovepreva {rElec Int+2 SInv}
rElec   +          Harm     .   o - scarf {rC+ rF+}
rCorr   .          Rampage  .   (gloves unavailable)
Will    +....                   (boots unavailable)
Stlth   +.........              n - amulet of Immorality {Reflect Str+5 SH+5 Stlth+}
HPRegen 0.36/turn               R - ring of Ucegis {EV+4 Str+2}
MPRegen 0.22/turn               M - ring of flight

@: lethally poisoned (0 -> -35), flying, glowing
A: large, unfitting armour, tough skin 1
a: Renounce Religion, Divine Shield, Cleansing Flame, Summon Divine Warrior


You were on level 4 of the Lair of Beasts.
You worshipped the Shining One.
The Shining One was extremely pleased with you.
You visited 5 branches of the dungeon, and saw 22 of its levels.

You collected 1774 gold pieces.
You spent 750 gold pieces at shops.

Inventory:

Hand Weapons
 a - a +0 spear
 g - a +2 mace of holy wrath
 l - the +7 halberd "Igenatot" (weapon) {holy, Int+4 Dex+3}
   (You acquired it on level 3 of the Dungeon)

   It has been blessed by the Shining One to cause great damage to the undead
   and demons.
   Int:       It affects your intelligence (+4).
   Dex:       It affects your dexterity (+3).
 D - a +3 war axe of freezing
 I - a +3 scimitar of flaming
Missiles
 r - 29 boomerangs
 B - 51 poisoned darts
 K - 11 curare-tipped darts (quivered)
Armour
 b - a +0 robe
 m - the +3 crown of Dyrovepreva (worn) {rElec Int+2 SInv}
   (You acquired it on level 3 of the Dungeon)

   Int:       It affects your intelligence (+2).
   rElec:     It insulates you from electricity.
   SInv:      It lets you see invisible.
 o - a scarf of resistance (worn)
 E - +0 steam dragon scales (worn)
Jewellery
 n - the amulet of Immorality (around neck) {Reflect Str+5 SH+5 Stlth+}
   (You acquired it on level 3 of the Dungeon)

   [amulet of reflection]

   It reflects blocked missile attacks.
   Str:       It affects your strength (+5).
   SH:        It affects your SH (+5).
   Stlth:     It makes you more stealthy.
 J - a ring of fire
 L - a ring of positive energy
 M - a ring of flight (right hand)
 R - the ring of Ucegis (left hand) {EV+4 Str+2}
   (You took it off an orc on level 12 of the Dungeon)

   [ring of evasion]

   EV:        It affects your evasion (+4).
   Str:       It affects your strength (+2).
Wands
 e - a wand of polymorph (27)
 A - a wand of flame (36)
 C - a wand of paralysis (15)
 O - a wand of iceblast (8)
 S - a wand of acid (8)
Scrolls
 f - 8 scrolls of teleportation
 h - 2 scrolls of holy word
 p - 3 scrolls of fear
 w - 3 scrolls of vulnerability
 x - 3 scrolls of magic mapping
 y - a scroll of blinking
 F - 3 scrolls of amnesia {unknown}
 H - 3 scrolls of fog {unknown}
 P - a scroll of enchant weapon {unknown}
 Q - 6 scrolls of enchant armour {unknown}
 V - 3 scrolls of noise {unknown}
Potions
 c - 3 potions of lignification
 d - 4 potions of brilliance
 i - 6 potions of mutation
 j - 3 potions of haste
 k - a potion of resistance
 q - 3 potions of flight
 t - 3 potions of ambrosia
 u - 4 potions of attraction
 v - 6 potions of curing
 z - a potion of invisibility
 G - 2 potions of degeneration
 N - 2 potions of berserk rage
 T - a potion of magic {unknown}
 U - a potion of heal wounds
 W - 2 potions of might {unknown}
Miscellaneous
 s - a tin of tremorstones (2/2)


   Skills:
 + Level 13.5 Fighting
 - Level 16.0 Polearms
 - Level 1.0 Throwing
 + Level 2.9 Armour
 - Level 2.1 Dodging
 + Level 11.6 Spellcasting
 - Level 7.9 Summonings
 - Level 8.5 Translocations
 - Level 12.3 Invocations


You had 13 spell levels left.
You knew the following spells:

 Your Spells              Type           Power      Damage    Failure   Level
a - Blink                 Tloc           N/A        N/A       1%          2
b - Teleport Other        Tloc           54%        N/A       1%          3
c - Gell's Gravitas       Tloc           27%        N/A       1%          3
d - Summon Guardian Gole  Hex/Summ       34%        N/A       2%          3
e - Manifold Assault      Tloc           54%        N/A       3%          5
f - Passage of Golubria   Tloc           N/A        N/A       1%          4
g - Summon Ice Beast      Ice/Summ       34%        N/A       9%          4

Your spell library contained the following spells:

 Spells                   Type           Power      Damage    Failure   Level
 Call Canine Familiar     Summ           52%        N/A       1%          3
 Lesser Beckoning         Tloc           54%        N/A       1%          3
 Portal Projectile        Hex/Tloc       70%        N/A       2%          3
 Freeze                   Ice            56%        1d7       4%          1
 Pain                     Necr           56%        1d6       4%          1
 Ensorcelled Hibernation  Hex/Ice        28%        N/A       6%          2
 Sublimation of Blood     Necr           7%         N/A       6%          2
 Wereblood                Tmut           14%        N/A       6%          2
 Frozen Ramparts          Ice            28%        1d4       13%         3
 Spider Form              Tmut/Pois      7%         N/A       13%         3
 Summon Mana Viper        Hex/Summ       34%        N/A       22%         5
 Animate Dead             Necr           7%         N/A       38%         4
 Hailstorm                Conj/Ice       14%        3d5       38%         4
 Leda's Liquefaction      Hex/Erth       7%         N/A       38%         4
 Petrify                  Tmut/Erth      14%        N/A       38%         4
 Agony                    Necr           14%        N/A       75%         5
 Borgnjor's Vile Clutch   Necr/Erth      7%         N/A       75%         5
 Excruciating Wounds      Necr           7%         N/A       75%         5
 Silence                  Hex/Air        7%         N/A       75%         5
 Monstrous Menagerie      Summ           26%        N/A       80%         7
 Summon Hydra             Summ           26%        N/A       80%         7
 Death Channel            Necr           7%         N/A       100%        6
 Orb of Destruction       Conj           7%         9d3       100%        7
 Spellforged Servitor     Conj/Summ      17%        N/A       100%        7
 Lehudib's Crystal Spear  Conj/Erth      7%         10d3      100%        8
 Necromutation            Tmut/Necr      7%         N/A       100%        8


Dungeon Overview and Level Annotations

Branches:
Dungeon (13/15)            Temple (1/1) D:5            Lair (6/6) D:10
 Shoals (1/4) Lair:4        Snake (0/4) Lair:4        Slime (0/5) Lair:5
    Orc (1/2) D:12
 Vaults: D:13-14

Altars:
Ashenzari
Cheibriados
Dithmenos
Elyvilon
Fedhas
Gozag
Hepliaklqana
Kikubaaqudgha
Okawaru
Qazlal
Ru
Sif Muna
Trog
Uskayaw
Vehumet
Wu Jian
Xom
Yredelemnul
Zin
The Shining One
Beogh

Shops:
D:2 =   D:9 !   D:12 :

Annotations:
D:10 2 runed translucent doors
Orc:1 Fannar


Innate Abilities, Weirdness & Mutations

You are too large for most types of armour.
You have tough skin. (AC +1)


Message History

You reach to attack!
You impale the merfolk impaler!!
The merfolk impaler is almost dead.
You feel very sick.
The merfolk impaler completely misses you.
Reach: l) +7 halberd "Igenatot" {holy, Int+4 Dex+3}
Press: ? - help, Dir - move target, f/p - merfolk impaler
Aim: a merfolk impaler, wielding a +3 trident of venom and wearing a +0 robe (almost dead, haloed, about 35% to evade the +7 halberd "Igenatot")
You reach to attack!
You closely miss the merfolk impaler.
The merfolk impaler is almost dead.
You feel very sick.
The merfolk impaler hits you from afar with a +3 trident of venom!
You are more poisoned.
Found a stone staircase leading down.
You feel extremely sick.
The merfolk impaler hits you with a +3 trident of venom.
You are more poisoned.
The merfolk impaler barely misses you.
You closely miss the merfolk impaler.
The merfolk impaler is almost dead.
You feel extremely sick.
The merfolk impaler hits you with a +3 trident of venom!
You are more poisoned.
You hit the merfolk impaler.
The merfolk impaler is almost dead.
You feel extremely sick.
The merfolk impaler hits you with a +3 trident of venom!!
* * * LOW HITPOINT WARNING * * *
You are more poisoned.
You slash the merfolk impaler!
You kill the merfolk impaler!
You hear a splash. x2
* * * LOW HITPOINT WARNING * * *
You feel extremely sick.
* * * LOW HITPOINT WARNING * * *
You feel extremely sick.
There is a staircase back to the Lair, spattered with blood here.
* * * LOW HITPOINT WARNING * * *
You feel extremely sick.
You fly upwards.
Welcome back to the Lair of Beasts!
You die...

#..#######....... ##.P#
######....♣.
##..####.##.#......
####..........##..♣...
##..............##.....
#P.#.....#....#.#....♣.
#...........###........
#........##.#.....##.:#
#...#.@..........##.###
##..#....#.>.....##.##
#P.......#...#..#.#.## #
##.##.....#####.##.#.###
#..##..[........###.#.##
#..##.#..#####...P#.##..
##.###...# ###........
#P..##...## #..#.....
##........# #.#......


There were no monsters in sight!

Vanquished Creatures
  A merfolk impaler (Shoals:1)
  Josephine (D:10)
  A fire dragon (Lair:6)
  A catoblepas (Lair:3)
  3 hydras
  2 boulder beetles (D:12)
  A centaur warrior (D:13)
  Erica (D:9)
  A death knight (D:12)
  A two-headed ogre (D:9)
  8 death yaks
  A tengu warrior (D:13)
  Nergalle (D:12)
  Sonja (Lair:1)
  A skeletal warrior (D:12)
  An ugly thing (D:11)
  A deep elf pyromancer (D:13)
  A lindwurm (Lair:6)
  A cyclops (D:11)
  2 manticores
  8 elephants
  4 black mambas
  A molten gargoyle (Lair:6)
  A gargoyle (D:12)
  A rime drake (Lair:5)
  Maggie (D:9)
  2 kobold demonologists (D:9)
  7 cane toads
  5 komodo dragons (Lair:6)
  2 trolls
  4 polar bears
  Prince Ribbit (D:6)
  23 blink frogs
  2 slime creatures
  2 meliai zombies (D:11)
  6 wraiths
  Sigmund (D:2)
  2 vampires
  3 wyverns
  6 basilisks
  Grum (D:9)
  21 yaks
  2 steam dragons (Lair:6)
  11 water moccasins
  An acid dragon (D:13)
  5 hell hounds
  A black bear (Lair:1)
  3 ice beasts
  11 orc warriors
  3 ogres
  3 necrophages
  27 wolves
  8 centaurs
  A phantom (D:6)
  3 kobold brigands
  7 bullfrogs
  2 scorpions
  A wyvern zombie (D:8)
  10 killer bees
  8 wights
  4 howler monkeys
  5 centaur zombies
  5 lava snakes (Lair:6)
  13 jellies
  A hound (D:4)
  A centaur skeleton (D:4)
  A gnoll shaman (D:7)
  11 orc priests
  An iron imp (D:4)
  Natasha (thrice) (D:3)
  12 orc wizards
  2 iguanas (D:5)
  5 hell rats (Lair:3)
  A hound skeleton (D:5)
  2 howler monkey zombies (D:8)
  7 adders
  4 gnolls
  2 howler monkey skeletons
  A white imp (D:5)
  An ufetubus (D:4)
  2 adder skeletons (D:4)
  2 worms
  3 dart slugs
  49 orcs
  9 endoplasms
  5 giant cockroaches
  9 goblins
  7 hobgoblins
  4 jackals (D:1)
  24 kobolds
  3 quokkas
  10 ball pythons
  6 bats
  2 frilled lizards
  10 rats
469 creatures vanquished.

Vanquished Creatures (collateral kills)
  A hydra (Lair:6)
  3 death yaks (Lair:6)
  A manticore (D:12)
  An elephant (Lair:4)
  2 cane toads (Lair:6)
  A komodo dragon (Lair:4)
  A polar bear (Lair:6)
  3 blink frogs (Lair:4)
  A yak (Lair:4)
  A basilisk (Lair:5)
  A water moccasin (Lair:4)
  A wolf (Lair:6)
  2 jellies (Lair:5)
  An orc (D:12)
20 creatures vanquished.

Vanquished Creatures (others)
  Gastronok (Lair:2)
  A hydra (Lair:5)
  2 death yaks
  4 two-headed ogres
  An elephant (Lair:4)
  4 black mambas
  3 cane toads
  4 komodo dragons
  A kobold demonologist (D:9)
  An unseen horror (D:12)
  Psyche (D:10)
  A troll (D:12)
  3 blink frogs (Lair:2)
  A wraith (D:12)
  14 yaks
  A basilisk (Lair:4)
  A steam dragon (D:8)
  3 nagas (Lair:4)
  An orc warrior (D:9)
  5 wolves
  A centaur (D:9)
  2 killer bees (D:10)
  A howler monkey (D:8)
  3 wights (D:8)
  An orc wizard (D:10)
  An orc (D:10)
  4 kobolds (D:9)
  51 fungi
  59 plants
176 creatures vanquished.

Grand Total: 665 creatures vanquished

Notes
Turn   | Place    | Note
-------+----------+-------------------------------------------
     0 | D:1      | Shayle the Ogre Warper began the quest for the Orb.
     0 | D:1      | Reached XP level 1. HP: 22/22 MP: 3/3
    40 | D:1      | You fall into a shaft and drop 1 floor!
   348 | D:3      | Noticed Natasha
   634 | D:3      | Reached XP level 2. HP: 11/31 MP: 5/5
   637 | D:3      | Learned a level 2 spell: Blink
  1681 | D:2      | Noticed Sigmund
  1703 | D:3      | Reached XP level 3. HP: 34/39 MP: 6/6
  1981 | D:2      | Found Qahacib's Jewellery Shop.
  2070 | D:1      | Reached skill level 3 in Polearms
  2093 | D:1      | Learned a level 3 spell: Teleport Other
  2298 | D:1      | Found a faded altar of an unknown god.
  2804 | D:1      | Reached XP level 4. HP: 47/49 MP: 7/7
  2806 | D:1      | You fall into a shaft and drop 1 floor!
  3746 | D:2      | Reached skill level 5 in Fighting
  3967 | D:3      | Identified 3 scrolls of acquirement
  3967 | D:3      | Acquired the +7 halberd "Igenatot" {holy, Int+4 Dex+3}
  3968 | D:3      | Acquired the +3 crown of Dyrovepreva {rElec Int+2 SInv}
  3968 | D:3      | Found the +3 crown of Dyrovepreva {rElec Int+2 SInv}
  3969 | D:3      | Acquired the amulet of Immorality {Reflect Str+5 SH+5
                  | Stlth+}
  4065 | D:3      | Killed Natasha
  4066 | D:3      | Reached XP level 5. HP: 57/57 MP: 8/8
  4436 | D:3      | Noticed Natasha
  4440 | D:3      | Killed Natasha
  4441 | D:3      | Reached skill level 4 in Polearms
  4602 | D:3      | Noticed Natasha
  4610 | D:3      | Killed Natasha
  4688 | D:4      | Noticed an ice beast
  4726 | D:4      | Reached XP level 6. HP: 51/67 MP: 2/9
  5127 | D:4      | Killed an ice beast
  5128 | D:4      | Reached skill level 5 in Polearms
  5128 | D:4      | Reached XP level 7. HP: 14/76 MP: 7/12
  5599 | D:4      | Found a snail-covered altar of Cheibriados.
  5970 | D:4      | Found an opulent altar of Gozag.
  6056 | D:5      | Entered Level 5 of the Dungeon
  6161 | D:5      | Found a staircase to the Ecumenical Temple.
  6167 | Temple   | Entered the Ecumenical Temple
  6326 | Temple   | Became a worshipper of the Shining One
  6925 | D:5      | Reached skill level 5 in Spellcasting
  6925 | D:5      | Reached XP level 8. HP: 31/88 MP: 15/15
  7453 | D:6      | Reached skill level 6 in Polearms
  7546 | D:6      | Learned a level 3 spell: Gell's Gravitas
  7550 | D:6      | Learned a level 3 spell: Summon Guardian Golem
  7556 | D:6      | Learned a level 5 spell: Manifold Assault
  7740 | D:6      | Reached skill level 1 in Invocations
  7798 | D:6      | Reached skill level 1 in Summonings
  8003 | D:6      | Noticed Prince Ribbit
  8025 | D:6      | Killed Prince Ribbit
  8293 | D:6      | Reached skill level 7 in Polearms
  8506 | D:6      | Reached XP level 9. HP: 96/96 MP: 16/16
  8539 | D:6      | Reached * piety under the Shining One
  9130 | D:2      | Killed Sigmund
 10655 | D:7      | Reached skill level 5 in Invocations
 10738 | D:7      | Reached skill level 8 in Polearms
 11232 | D:8      | Reached skill level 5 in Summonings
 11273 | D:8      | Reached XP level 10. HP: 104/104 MP: 17/17
 11374 | D:8      | Reached ** piety under the Shining One
 11554 | D:9      | Noticed Grum
 11635 | D:9      | Noticed Maggie
 11635 | D:9      | Noticed a kobold demonologist
 11640 | D:10     | Entered Level 10 of the Dungeon
 11816 | D:10     | Reached skill level 9 in Polearms
 11828 | D:9      | Found Dougovvi's Distillery.
 12000 | D:9      | Noticed a two-headed ogre
 12028 | D:9      | Killed a two-headed ogre
 12171 | D:9      | Noticed a kobold demonologist
 12176 | D:9      | Noticed a kobold demonologist
 12179 | D:9      | Killed a kobold demonologist
 12188 | D:9      | Killed a kobold demonologist
 12211 | D:9      | Killed a kobold demonologist
 12211 | D:9      | Reached *** piety under the Shining One
 12374 | D:9      | Reached skill level 10 in Polearms
 12374 | D:9      | Reached XP level 11. HP: 111/111 MP: 18/18
 12397 | D:9      | Killed Grum
 12412 | D:9      | Killed Maggie
 12672 | D:9      | Noticed Erica
 12694 | D:9      | Killed Erica
 12932 | D:9      | Found a glowing silver altar of Zin.
 13381 | D:10     | Found a staircase to the Lair.
 13431 | Lair:1   | Entered Level 1 of the Lair of Beasts
 13550 | Lair:1   | Noticed Sonja
 14151 | Lair:1   | Killed Sonja
 14273 | Lair:1   | Learned a level 4 spell: Passage of Golubria
 14791 | Lair:2   | Noticed Gastronok
 14877 | Lair:2   | Killed Gastronok
 14878 | Lair:2   | Reached skill level 11 in Polearms
 14879 | Lair:2   | Reached **** piety under the Shining One
 14881 | Lair:2   | Reached skill level 10 in Invocations
 14889 | Lair:2   | Reached XP level 12. HP: 78/123 MP: 16/21
 16163 | Lair:2   | Reached skill level 10 in Fighting
 16395 | Lair:3   | Reached skill level 5 in Translocations
 16528 | Lair:3   | Noticed a six-headed hydra
 16538 | Lair:3   | Killed a two-headed hydra
 16665 | Lair:3   | Noticed a catoblepas
 16690 | Lair:3   | Killed a catoblepas
 17383 | Lair:3   | Noticed a five-headed hydra
 17397 | Lair:3   | Killed a one-headed hydra
 18213 | D:10     | Reached skill level 12 in Polearms
 18223 | D:10     | Reached XP level 13. HP: 94/136 MP: 25/25
 18260 | D:10     | Noticed Josephine
 18379 | D:9      | Bought a potion of experience for 750 gold pieces
 18381 | D:9      | Reached XP level 14. HP: 144/144 MP: 25/27
 18420 | D:9      | Reached ***** piety under the Shining One
 18533 | D:10     | Killed Josephine
 18618 | D:10     | Noticed Psyche
 18638 | D:10     | Killed Psyche
 18928 | D:10     | Found a hide-covered altar of Uskayaw.
 18975 | D:10     | Found a large runed translucent door.
 18976 | D:10     | Found a large runed translucent door.
 19624 | D:11     | You fall into a shaft and drop 1 floor!
 20374 | D:12     | Identified the ring of Ucegis {EV+4 Str+2}
 20623 | D:11     | Found a sacrificial altar of Ru.
 21530 | D:11     | Upgraded the game from 0.28-a0-511-gcc94558de3 to
                  | 0.28-a0-514-g0d7ab7f379
 21674 | Lair:4   | Learned a level 4 spell: Summon Ice Beast
 21712 | Lair:4   | Reached skill level 10 in Spellcasting
 22094 | Lair:4   | Found a staircase to the Snake Pit.
 22698 | Lair:4   | Found a staircase to the Shoals.
 23773 | Lair:5   | Found a staircase to the Slime Pits.
 23894 | Lair:5   | You fall into a shaft and drop 1 floor!
 23894 | Lair:6   | Entered Level 6 of the Lair of Beasts
 24459 | Lair:5   | Got the Collected Works on Ice and Transmutation
 25282 | Lair:5   | Reached skill level 13 in Polearms
 26782 | Lair:6   | Reached skill level 14 in Polearms
 26782 | Lair:6   | Reached XP level 15. HP: 104/158 MP: 2/29
 27399 | Lair:6   | Reached skill level 15 in Polearms
 27546 | Lair:6   | Found a large runed translucent door.
 27546 | Lair:6   | Found a large runed translucent door.
 28494 | Lair:6   | Identified the +0 robe of Levity {Int+7}
 29541 | D:12     | Reached skill level 16 in Polearms
 29792 | D:12     | Noticed Nergalle
 29803 | D:12     | Killed Nergalle
 29804 | D:12     | Reached skill level 1 in Armour
 29998 | D:12     | Found Cibyimy's Book Boutique.
 30311 | D:12     | Found a staircase to the Orcish Mines.
 32828 | Orc:1    | Entered Level 1 of the Orcish Mines
 32828 | Orc:1    | Noticed Fannar
 33416 | Shoals:1 | Entered Level 1 of the Shoals
 33431 | Lair:4   | Succumbed to a merfolk impaler's poison

Illustrated notes

Levels and vault maps discovered:
D:1:      minmay_arrival_widening_spiral_wide, layout_rooms,
          shapermc_ecumenical_altar_mp_urbaneastern, minmay_worlds_worst_comb
D:2:      layout_rooms, serial_shops, shop, guppyfry_early_lair_pool,
          uniq_sigmund
D:3:      layout_basic, st_stairs_9, uniq_natasha
D:4:      layout_basic, lemuel_round_altar, slow_altar_2
D:5:      layout_basic, minmay_temple_entry_statues
D:6:      layout_cave_pods, serial_column_ruins, column_ruins_hut_ruined,
          column_ruins_hut_ruined, column_ruins_columns_dead_end,
          column_ruins_grid_1, column_ruins_open_tiny, column_ruins_open_tiny,
          column_ruins_grid_3, uniq_prince_ribbit1
D:7:      layout_basic
D:8:      layout_rooms, minmay_misc_feat_chi
D:9:      layout_basic, zin_treasury, serial_shops, shop_fountains, uniq_maggie,
          uniq_erica, uniq_grum
D:10:     layout_roguey, general_overflow_altar, jmf_multi_god_temple2,
          david_lair_shrubbed, uniq_psyche, uniq_josephine
D:11:     layout_roguey, fungi_pond_lemuel, chequers_avenue,
          nicolae_ru_the_path_less_chosen
D:12:     minmay_opposing_rooms, layout_basic, serial_shops, shop, special_room
          [special_room_orc], uniq_nergalle
D:13:     layout_loops_corners
Temple:   eino_temple_rhombus
Lair:1:   layout_gridlike, uniq_sonja
Lair:2:   layout_cave_pods, roderic_carrion_pond, grunt_megastairs_2,
          serial_bayou_shore_b, uniq_gastronok
Lair:3:   layout_small_grid, minivault_26, infiniplex_staircase_pool
Lair:4:   layout_loops_ring, shoals_dummy_entry, guppyfry_snake_entry_island,
          grunt_megastairs_4
Lair:5:   layout_layer_cave, minmay_slime_entry_jelly_boxes, serial_bayou_pond_e
Lair:6:   cheibrodos_lair_end_hotspot, layout_regular_city
Shoals:1: layout_shoals, serial_shops, shop_fountains
Orc:1:    layout_caves, nicolae_orc_tapped_out, uniq_fannar

Skill      XL: |  1  2  3  4  5  6  7  8  9 10 11 12 13 14 15 |
---------------+----------------------------------------------+-----
Fighting       | 3 4 5 6 7 8 9 10 12 13 | 13.5
Polearms       | 3 4 5 7 8 10 11 12 14 16 | 16.0
Spellcasting   | 3 5 6 8 9 10 11 | 11.6
Invocations    | 3 6 8 10 11 12 | 12.3
Summonings     | 2 5 7 |  7.9
Translocations | 3 5 8 |  8.5
Armour         | 2 |  2.9
Throwing       | |  1.0
Dodging        | |  2.1

Action                   |  1- 3 |  4- 6 |  7- 9 | 10-12 | 13-15 || total
-------------------------+-------+-------+-------+-------+-------++-------
Melee: Spear             |   137 |       |       |       |       ||   137
       Mace              |    38 |    75 |       |       |       ||   113
       Halberd           |       |    49 |   203 |   393 |   633 ||  1278
       Scimitar          |       |       |       |    14 |     8 ||    22
Throw: Boomerang         |       |     2 |     5 |     7 |     2 ||    16
       Dart              |       |       |       |     6 |       ||     6
 Cast: Blink             |     1 |     2 |     5 |    26 |    14 ||    48
       Teleport Other    |       |     3 |     3 |       |       ||     6
       Summon Guardian G |       |       |     6 |    25 |    72 ||   103
       Manifold Assault  |       |       |       |    16 |   139 ||   155
       Summon Ice Beast  |       |       |       |       |    63 ||    63
Invok: Divine Shield     |       |       |       |     1 |       ||     1
       Summon Divine War |       |       |       |       |     1 ||     1
Evoke: Wand              |       |       |       |     1 |    13 ||    14
  Use: Scroll            |     2 |     5 |     4 |    10 |     9 ||    30
       Potion            |     1 |       |     1 |     4 |     5 ||    11
 Stab: Sleeping          |       |     1 |     3 |       |       ||     4
Armor: Robe              |    78 |    57 |    33 |       |       ||   168
       Skin              |       |       |     7 |       |       ||     7
       Steam dragon scal |       |       |    17 |   165 |   143 ||   325
Dodge: Dodged            |   107 |    63 |    66 |   211 |   182 ||   629
Block: Other             |       |     8 |    34 |   107 |    85 ||   234
       Reflection        |       |       |     2 |     6 |     8 ||    16

Table legend: (Time is in decaauts)
 A = Elapsed time spent in this place.
 B = Non-inter-level travel time spent in this place.
 C = Inter-level travel time spent in this place.
 D = Time resting spent in this place.
 E = Time spent auto-exploring this place.
 F = Levels seen in this place.
 G = Mean time per level.
                   A        B        C        D        E       F      G
               +--------+--------+--------+--------+--------+-----+--------+
         Total |  33508 |  31672 |   1836 |  10810 |  14576 |  22 | 1523.1 |
       Dungeon |  21015 |  19744 |   1271 |   6172 |   9735 |  13 | 1616.5 |
        Temple |    165 |    150 |     15 |      0 |    138 |   1 |  165.0 |
          Lair |  12300 |  11752 |    548 |   4637 |   4703 |   6 | 2050.0 |
        Shoals |     11 |     11 |      0 |      0 |      0 |   1 |   11.0 |
  Orcish Mines |     15 |     15 |      0 |      0 |      0 |   1 |   15.0 |
               +--------+--------+--------+--------+--------+-----+--------+

Top non-repeatable levels by time:
    D:12: 3597 daAuts
  Lair:6: 3138 daAuts
     D:3: 2631 daAuts
  Lair:5: 2441 daAuts
  Lair:2: 2281 daAuts
  Lair:3: 1940 daAuts
     D:9: 1846 daAuts
     D:6: 1837 daAuts
     D:4: 1531 daAuts
    D:10: 1490 daAuts
    D:11: 1482 daAuts
     D:7: 1336 daAuts
  Lair:4: 1310 daAuts
     D:5: 1280 daAuts
  Lair:1: 1188 daAuts
